 Dungeon Crawl Stone Soup version 0.29-a0-338-g1ff7896281 (webtiles) character file.

Game seed: 7145706130316236135

682844 Miritol the Invulnerable (level 27, -9/197 (250) HPs)
             Began as a Deep Dwarf Berserker on Apr 18, 2022.
             Was a High Priest of Jiyva.
             Mangled by a caustic shrike (11 damage)
             ... on level 3 of the Iron City of Dis on Apr 19, 2022.
             The game lasted 06:24:30 (65847 turns).

Miritol the Invulnerable (Deep Dwarf Berserker)    Turns: 65847, Time: 06:24:31

HP:   -9/197 (250)  AC: 32    Str: 35    XL:     27
MP:   1/4           EV: 13    Int: 20    God:    Jiyva [*****.]
Gold: 1792          SH: 25    Dex: 12    Spells: 26/26 levels left

rFire   + + .      SeeInvis .   a - +7 war axe "Betefo" {vorpal, rF+ rC+ Will+ Int+4}
rCold   + + +      Faith    .   d - +1 tower shield {reflect}
rNeg    + + +      Spirit   .   p - +7 crystal plate armour of Zuyxu {rN+}
rPois   +          Reflect  +   V - +2 hat
rElec   +          Harm     .   H - +2 cloak
rCorr   +          Rampage  +   k - +2 pair of gloves of the Lotus Blossom {rC+ rN+}
Will    +++++      Rnd*Tele +   e - +0 pair of boots of Foolhardiness {Rampage rPois rF- rCorr}
Stlth   ..........              j - amulet of Joruz {rElec Regen+}
HPRegen 1.44/turn               g - ring of protection from cold
MPRegen 0.54/turn               D - ring of protection from fire

@: resistant, corroded, on berserk cooldown, calling ooze, heavily drained,
unable to read
A: damage resistance, heal wounds, negative energy resistance 1, sense
surroundings 3, no regeneration, horns 1, clever 2, frail 1, low MP 1, screaming
1, strong 2, teleportitis 1, eyeballs 2, gelatinous body 1, pseudopods 1,
translucent skin 2, evolution 2, tendrils, subdued magic 1, inability to read
while threatened, MP-powered wands
}: 5/15 runes: serpentine, barnacled, slimy, silver, abyssal
a: Heal Wounds, Renounce Religion, Oozemancy, Slimify


You were on level 3 of the Iron City of Dis.
You worshipped Jiyva.
Jiyva was extremely pleased with you.
You visited 15 branches of the dungeon, and saw 59 of its levels.
You visited the Abyss 2 times.
You also visited: Trove, Bailey and Wizlab.

You collected 7429 gold pieces.
You spent 5637 gold pieces at shops.

Inventory:

Hand Weapons
 a - the +7 war axe "Betefo" (weapon) {vorpal, rF+ rC+ Will+ Int+4}
   (You found it on level 9 of the Dungeon)

   It inflicts extra damage upon your enemies.
   Int:       It affects your intelligence (+4).
   rF:        It protects you from fire.
   rC:        It protects you from cold.
   Will:      It increases your willpower.
 b - the +10 zealot's sword {holy, *Rage rN+ EV+3}
   (You found it on level 3 of the Snake Pit)

   It has been blessed by the Shining One to cause great damage to the undead
   and demons.
   Whenever the wielder enters a berserk rage, their allies are berserked
   alongside them.
   EV:        It affects your evasion (+3).
   rN:        It protects you from negative energy.
   *Rage:     It berserks you when you make melee attacks (+20% chance).
 N - a +6 broad axe of flaming
Missiles
 n - 2 throwing nets (quivered)
 A - 6 silver javelins
Armour
 d - a +1 tower shield of reflection (worn)
 e - the +0 pair of boots of Foolhardiness (worn) {Rampage rPois rF- rCorr}
   (You bought it in a shop on level 2 of the Orcish Mines)

   rF:        It makes you vulnerable to fire.
   rPois:     It protects you from poison.
   rCorr:     It protects you from acid and corrosion.
   Rampage:   It bestows one free step when moving towards enemies.
 k - the +2 pair of gloves of the Lotus Blossom (worn) {rC+ rN+}
   (You bought it in a shop on level 4 of the Depths)

   rC:        It protects you from cold.
   rN:        It protects you from negative energy.
 l - +1 gold dragon scales
 p - the +7 crystal plate armour of Zuyxu (worn) {rN+}
   (You acquired it on level 6 of the Dungeon)

   rN:        It protects you from negative energy.
 B - a +4 tower shield of positive energy
 H - a +2 cloak (worn)
 V - a +2 hat (worn)
Jewellery
 c - a ring of see invisible
 g - a ring of protection from cold (left hand)
 j - the amulet of Joruz (around neck) {rElec Regen+}
   (You bought it in a shop on level 2 of the Snake Pit)

   [amulet of regeneration]

   rElec:     It insulates you from electricity.
   Regen:     It increases your rate of health regeneration.
 q - a ring of magical power
 r - the ring of Cefrem {Wiz Will++ Int+4 Dex+2}
   (You took it off a vault warden on level 5 of the Vaults)

   [ring of wizardry]

   It improves your spell success rate.
   Int:       It affects your intelligence (+4).
   Dex:       It affects your dexterity (+2).
   Will:      It greatly increases your willpower.
 u - an amulet of reflection
 z - the ring of Holog {Ice rElec rN+ Will- Str+3}
   (You took it off Josephina on level 3 of the Depths)

   [ring of ice]

   It enhances your ice magic.
   Str:       It affects your strength (+3).
   rF:        It makes you vulnerable to fire.
   rC:        It protects you from cold.
   rElec:     It insulates you from electricity.
   rN:        It protects you from negative energy.
   Will:      It decreases your willpower.
 D - a ring of protection from fire (right hand)
 F - the ring "Ovadd" {rN+ Dex+3}
   (You found it on level 3 of the Crypt)

   [ring of positive energy]

   Dex:       It affects your dexterity (+3).
   rN:        It protects you from negative energy.
 L - a ring of flight
 M - the ring of Oguomunu {rC- rN+ Dex+3 Slay+4}
   (You found it on level 3 of the Crypt)

   [ring of positive energy]

   Dex:       It affects your dexterity (+3).
   Slay:      It affects your accuracy & damage with ranged weapons and melee
   (+4).
   rC:        It makes you vulnerable to cold.
   rN:        It protects you from negative energy.
 O - the amulet of the Failed Coup {RegenMP Harm Fragile rPois rC+ Int+6}
   (You found it on level 3 of the Crypt)

   [amulet of magic regeneration]

   It increases your rate of magic regeneration.
   Int:       It affects your intelligence (+6).
   rC:        It protects you from cold.
   rPois:     It protects you from poison.
   Fragile:   It will be destroyed if unequipped.
   Harm:      It increases damage dealt and taken.
 P - a ring of positive energy
Wands
 s - a wand of paralysis (12)
 x - a wand of digging (4)
 E - a wand of acid (4)
 K - a wand of iceblast (4)
Scrolls
 f - 12 scrolls of fog
 h - 20 scrolls of teleportation
 m - 5 scrolls of summoning
 t - 4 scrolls of blinking
 w - 7 scrolls of magic mapping
 y - 6 scrolls of fear
 G - 2 scrolls of silence
Potions
 o - 5 potions of heal wounds
 v - a potion of flight
 I - 19 potions of curing
 R - a potion of magic
Miscellaneous
 C - the horn of Geryon


   Skills:
 + Level 22.3 Fighting
 - Level 1.1(9.5) Short Blades
 - Level 15.8(15.9) Long Blades
 - Level 20.8 Axes
 - Level 7.5 Crossbows
 O Level 27 Armour
 - Level 10.8 Dodging
 O Level 27 Shields
 - Level 1.0 Invocations
 * Level 8.9 Evocations


You had 26 spell levels left.
You didn't know any spells.
Your spell library contained the following spells:

 Spells                   Type           Power      Damage    Failure   Level
 Animate Skeleton         Necr           0%         N/A       58%         1
 Freeze                   Ice            0%         1d3       58%         1
 Pain                     Necr           0%         1d4       58%         1
 Shock                    Conj/Air       0%         1d3       58%         1
 Summon Small Mammal      Summ           0%         N/A       58%         1
 Corpse Rot               Necr/Air       0%         N/A       73%         2
 Static Discharge         Conj/Air       0%         N/A       73%         2
 Call Canine Familiar     Summ           0%         N/A       92%         3
 Confusing Touch          Hex            0%         N/A       92%         3
 Conjure Flame            Conj/Fire      0%         6-21      92%         3
 Dazzling Flash           Conj/Hex       0%         N/A       92%         3
 Frozen Ramparts          Ice            0%         1d2       92%         3
 Ignite Poison            Fire/Tmut/Pois 0%         N/A       92%         3
 Inner Flame              Hex/Fire       0%         N/A       92%         3
 Ozocubu's Armour         Ice            0%         N/A       92%         3
 Portal Projectile        Hex/Tloc       0%         N/A       92%         3
 Spider Form              Tmut/Pois      0%         N/A       92%         3
 Stone Arrow              Conj/Erth      0%         3d7       92%         3
 Summon Guardian Golem    Hex/Summ       0%         N/A       92%         3
 Swiftness                Air            0%         N/A       92%         3
 Teleport Other           Tloc           0%         N/A       92%         3
 Vampiric Draining        Necr           0%         2d6       92%         3
 Airstrike                Air            0%         N/A       100%        4
 Anguish                  Hex/Necr       0%         N/A       100%        4
 Animate Armour           Summ/Erth      0%         N/A       100%        4
 Dispel Undead            Necr           0%         3d6       100%        4
 Hailstorm                Conj/Ice       0%         3d3       100%        4
 Olgreb's Toxic Radiance  Pois           0%         N/A       100%        4
 Petrify                  Tmut/Erth      0%         N/A       100%        4
 Sticky Flame             Conj/Fire      0%         2d3       100%        4
 Summon Ice Beast         Ice/Summ       0%         N/A       100%        4
 Agony                    Necr           0%         N/A       100%        5
 Alistair's Intoxication  Tmut/Pois      0%         N/A       100%        5
 Borgnjor's Vile Clutch   Necr/Erth      0%         N/A       100%        5
 Freezing Cloud           Conj/Ice/Air   0%         6-21      100%        5
 Manifold Assault         Tloc           0%         N/A       100%        5
 Metabolic Englaciation   Hex/Ice        0%         N/A       100%        5
 Silence                  Hex/Air        0%         N/A       100%        5
 Summon Forest            Summ/Tloc      0%         N/A       100%        5
 Yara's Violent Unravell  Hex/Tmut       0%         3d3       100%        5
 Conjure Ball Lightning   Conj/Air       0%         3x3d6     100%        6
 Death Channel            Necr           0%         N/A       100%        6
 Eringya's Noxious Bog    Tmut/Pois      0%         N/A       100%        6
 Simulacrum               Ice/Necr       0%         N/A       100%        6
 Starburst                Conj/Fire      0%         6d3       100%        6
 Enfeeble                 Hex            0%         N/A       100%        7
 Orb of Destruction       Conj           0%         9d5       100%        7
 Ozocubu's Refrigeration  Ice            0%         4d5       100%        7
 Spellforged Servitor     Conj/Summ      0%         N/A       100%        7
 Ignition                 Fire           0%         3d3       100%        8
 Lehudib's Crystal Spear  Conj/Erth      0%         10d2      100%        8
 Maxwell's Capacitive Co  Air            0%         ∞         100%        8
 Fire Storm               Conj/Fire      0%         5d1       100%        9


Dungeon Overview and Level Annotations

Branches:
Dungeon (15/15)            Temple (1/1) D:5            Lair (6/6) D:10
 Shoals (4/4) Lair:3        Snake (4/4) Lair:3        Slime (5/5) Lair:5
    Orc (2/2) D:11            Elf (3/3) Orc:2        Vaults (5/5) D:14
  Crypt (3/3) Vaults:2       Tomb (2/3) Crypt:3      Depths (4/4) D:15
   Hell (visited)             Dis (3/7) Hell            Geh (0/7) Hell
    Coc (0/7) Hell            Tar (0/7) Hell            Zot (1/5) Depths:4
 Bailey (visited)          WizLab (visited)

Altars:
Ashenzari
Cheibriados
Dithmenos
Elyvilon
Fedhas
Gozag
Hepliaklqana
Kikubaaqudgha
Makhleb
Nemelex Xobeh
Okawaru
Qazlal
Ru
Sif Muna
Trog
Uskayaw
Vehumet
Wu Jian
Xom
Yredelemnul
Zin
The Shining One
Jiyva

Shops:
D:10 [   Orc:1 :   Orc:2 [:(*   Elf:1 ?!*   Elf:2 [[   Snake:1 (!*
Snake:2 =:=   Vaults:2 ?[*   Vaults:3 ?   Depths:4 *:

Portals:
Hell: Depths:1 Depths:2 Depths:3 Depths:4
Abyss: Depths:2 Depths:3
Pandemonium: Depths:1 Depths:2 Depths:3
Ziggurat: Depths:1

Annotations:
Slime:5 Royal Jelly


Innate Abilities, Weirdness & Mutations

You are resistant to damage.
You can heal yourself by infusing magical energy.
You resist negative energy. (rN+)
You passively map a large area around you.
You do not regenerate.
You have a pair of small horns on your head.
Your mind is very acute. (Int +4)
You are frail. (-10% HP)
Your magical capacity is low. (-10% MP)
You occasionally shout uncontrollably at your foes.
Your muscles are very strong. (Str +4)
You are occasionally teleported next to monsters.
Your body has grown many eyes which may confuse attackers. (Acc +5)
Your rubbery body absorbs attacks. (AC +1, EV +1)
Armour fits poorly on your pseudopods.
Your translucent skin reduces your foes' accuracy. (Stealth+)
You have great hidden genetic potential.
You are covered in slimy tendrils that may disarm your opponents.
Your spells are a little easier to cast, but a little less powerful.
You sometimes lose the ability to read scrolls when taking damage.
You expend magic power (3 MP) to strengthen your wands.


Message History

The caustic shrike claws you!
* * * LOW HITPOINT WARNING * * *
The acid corrodes you!
You are splashed with acid.
You resist.
Unknown command.
Unknown command.
Unknown command.
Unknown command.
Unknown command.
You feel protected. You block the war gargoyle's attack.
You block the caustic shrike's attack.
The caustic shrike claws you but does no damage.
The caustic shrike claws something!!
You block the caustic shrike's attack.
The ancient champion hits you but does no damage.
The war gargoyle misses you.
The caustic shrike completely misses you.
The caustic shrike closely misses you. The caustic shrike claws you!
* * * LOW HITPOINT WARNING * * *
You are splashed with acid.
You resist.
* * * LOW HITPOINT WARNING * * *
The caustic shrike claws you.
* * * LOW HITPOINT WARNING * * *
You are splashed with acid.
You resist.
Unknown command.
Activating: Oozemancy (0% risk of failure)
Press: ? - help, Dir - look around, f - activate Slime begins to ooze from the nearby walls!
The caustic shrike is no longer covered in acid.
The walls burn the war gargoyle!
The walls burn the caustic shrike!
The caustic shrike barely misses you.
The walls burn the caustic shrike!
The caustic shrike closely misses you.
The walls burn the caustic shrike!
You block the caustic shrike's attack.
The walls burn the caustic shrike! x2
The caustic shrike claws you!!
* * * LOW HITPOINT WARNING * * *
You are splashed with acid.
You resist.
* * * LOW HITPOINT WARNING * * *
The walls burn the caustic shrike! x2
The ancient champion hits you but does no damage.
The walls burn the hellion!
You block the war gargoyle's attack.
The walls burn the war gargoyle!
The caustic shrike claws you!
You die...

,, , * , , ,, , *
#..........., , , ,
,#.........., , * *
#...>.....,, , , ,
+........ , * ,
*...9z.. , ,, , ,
*, .bb9 , , * ,
.######b######+###
* , ,
......bb@bb.......
, *
#.....Ebz9).......
, , ,
.......29∩........
* ,
*...###############
,* , ,.# , , * *
,,, *


You could see an iron golem, 8 caustic shrikes, a quicksilver elemental, 2
ancient champions, 2 war gargoyles and a hellion.

Vanquished Creatures
  2 dread liches
  4 ancient liches
  A juggernaut (Depths:3)
  15 royal mummies
  Sojobo (Vaults:4)
  Josephina (Depths:3)
  A shard shrike (Depths:2)
  Frederick (Vaults:4)
  Saint Roka (Snake:4)
  Margery (Vaults:3)
  The ghost of Tadecekk the Tortoise, a veteran GrSu of Ru (Depths:4)
  14 caustic shrikes
  5 golden dragons
  Jory (Vaults:3)
  Geryon (Hell)
  5 bone dragons
  7 tentacled monstrosities
  7 hellephants
  A walking crystal tome (Depths:3)
  3 Hell Sentinels
  Asterion (Vaults:3)
  3 walking earthen tomes
  5 deep elf master archers
  6 liches
  A quicksilver dragon (Abyss:5)
  3 deep elf blademasters
  A walking divine tome (Depths:3)
  An acid blob (Slime:1)
  6 titans
  Polyphemus (Shoals:4)
  3 Executioners
  A death cob (Zot:1)
  20 ancient champions
  Gastronok (D:12)
  16 sphinxes
  16 tentacled starspawn
  11 shadow dragons
  A thorn hunter (WizLab)
  6 storm dragons
  9 tengu reavers
  A daeva (Abyss:4)
  An azure jelly (Slime:2)
  3 rockslimes
  7 nagarajas
  3 draconian knights
  A draconian monk (Depths:4)
  9 revenants
  6 fire giants
  2 iron dragons
  3 draconian scorchers
  3 balrugs
  2 fenstrider witches (WizLab)
  5 deep elf sorcerers (Elf:3)
  12 frost giants
  17 vault wardens
  Aizul (Snake:2)
  An orc warlord (Orc:2)
  4 draconian shifters
  A quicksilver elemental (Dis:2)
  7 deep elf elementalists (Elf:3)
  A draconian annihilator (Depths:4)
  A draconian stormcaller (Zot:1)
  3 cacodemons
  3 spriggan defenders
  6 angels
  6 ghouls
  7 reapers
  2 ophanim
  15 war gargoyles
  2 curse skulls
  48 very ugly things
  16 ironbound preservers
  9 ironbound thunderhulks
  21 stone giants
  An eleionoma (WizLab)
  8 black draconians
  10 vampire knights
  9 bennus
  6 deep elf demonologists (Elf:3)
  3 entropy weavers
  4 deep elf annihilators
  A minotaur (Shoals:4)
  6 green draconians
  5 red draconians
  A lorocyproca (Hell)
  7 spark wasps
  2 purple draconians (Depths:4)
  4 yellow draconians
  6 eidola
  6 dire elephants (Vaults:1)
  7 white draconians
  The ghost of Ysuobe the Severer, a journeyman DDFi of Okawaru (Snake:1)
  2 green deaths
  4 iron golems
  11 deep elf death magi
  2 blizzard demons
  8 ettins
  2 crystal guardians
  10 fire dragons
  21 mummy priests
  17 jiangshi
  5 merfolk impalers
  89 starcursed masses
  4 boulder beetles
  A deep elf high priest (Vaults:4)
  A great orb of eyes (Slime:1)
  2 shambling mangroves (WizLab)
  11 yaktaur captains
  4 rakshasas
  2 spriggan zombies
  34 vault guards
  A salamander tyrant (Depths:2)
  A caustic shrike simulacrum (Depths:3)
  12 ice dragons
  2 spriggan skeletons
  2 juggernaut simulacra
  4 peacekeepers
  10 anacondas
  An ogre mage (D:15)
  2 catoblepae
  9 ironbound frosthearts
  5 spriggan air magi
  15 hydras
  2 hell beasts
  4 merfolk avatars
  A spectral stone giant (Crypt:3)
  10 satyrs
  7 centaur warriors
  An alligator snapping turtle (Shoals:4)
  An anaconda (shapeshifter) (Depths:3)
  14 naga warriors
  12 two-headed ogres
  Erica (D:8)
  The ghost of Fumpue the Covert, a journeyman SpEn of Dithmenos (D:12)
  4 death knights
  27 dancing weapons
  7 death yaks
  10 vampire magi
  6 death scarabs
  10 deep troll shamans
  5 tengu warriors
  3 spriggan berserkers
  4 deep troll earth magi (Depths:2)
  24 hell hogs
  44 thrashing horrors
  7 shock serpents
  8 orc high priests
  9 naga sharpshooters
  A spectral naga (Crypt:3)
  6 soul eaters
  A titan zombie (Abyss:5)
  50 hell knights
  21 wretched stars
  12 shadow wraiths
  12 iron trolls
  16 deep elf knights
  14 sun demons
  A crystal echidna (Hell)
  13 sixfirhies
  17 skeletal warriors
  4 salamander mystics
  9 spatial maelstroms
  A titan skeleton (Crypt:3)
  A death drake (Abyss:4)
  9 sea snakes
  2 swamp dragons (Lair:5)
  76 deep trolls
  A spectral anaconda (Crypt:3)
  2 shadow demons (Abyss:5)
  5 flayed ghosts
  6 bog bodies
  18 deep elf archers
  24 phantasmal warriors
  7 naga ritualists
  Pikel (D:7)
  32 harpies
  21 ironbound convokers
  10 lindwurms
  The ghost of Jortsu the Shield-Bearer, a novice GnFi of Lugonu (D:6)
  2 anaconda skeletons
  A wolf spider zombie (D:15)
  5 wizards
  A wolf spider (Lair:6)
  29 deep elf pyromancers
  A spectral ettin (Crypt:3)
  37 ugly things
  4 oklob plants
  5 orc knights
  9 mana vipers
  7 necromancers
  3 shining eyes
  18 deep elf zephyrmancers
  11 orc sorcerers
  A frost giant zombie (Crypt:3)
  15 fauns
  4 will-o-the-wisps
  3 worldbinders (Abyss:5)
  18 manticores
  14 elephants
  4 moths of wrath (Zot:1)
  2 dire elephant zombies (Tomb:2)
  3 draconians (Abyss:5)
  8 cyclopes
  An eleionoma skeleton (Crypt:3)
  A shadow dragon skeleton (Crypt:3)
  A toenail golem (Abyss:4)
  3 merfolk sirens
  17 salamanders
  10 guardian serpents
  42 black mambas
  13 vault sentinels
  3 orange demons
  3 water nymphs
  A black mamba (shapeshifter) (Elf:2)
  6 rust devils (Hell)
  6 apocalypse crabs
  24 cane toads
  20 smoke demons
  8 naga magi
  A gargoyle (D:13)
  7 rime drakes
  5 efreet
  Psyche (D:8)
  A black draconian zombie (Crypt:3)
  A red draconian zombie (Crypt:1)
  A demonic crawler (Abyss:5)
  2 dire elephant skeletons
  8 freezing wraiths
  8 komodo dragons
  4 unseen horrors
  A hellion (Abyss:5)
  4 kobold demonologists (D:12)
  A steelbarb worm zombie (Crypt:3)
  7 hellwings
  A tormentor (Dis:1)
  2 anaconda simulacra
  33 guardian mummies
  33 yaktaurs
  A sea snake zombie (Hell)
  13 ancient zymes
  An orb spider zombie (Crypt:3)
  3 tengu conjurers
  A queen bee (shapeshifter) (Elf:3)
  A troll (shapeshifter) (D:14)
  A purple draconian skeleton (Crypt:3)
  2 hydra zombies
  A black draconian skeleton (Crypt:3)
  7 trolls
  8 ice devils
  3 meliai (Lair:6)
  A silent spectre (Abyss:5)
  14 polar bears
  A queen bee (Lair:6)
  28 merfolk
  A shadow dragon simulacrum (Depths:3)
  A tarantella (shapeshifter) (Abyss:1)
  A wolf spider simulacrum (D:14)
  A harpy zombie (Crypt:2)
  62 raiju
  4 hornets
  32 slime creatures
  8 wind drakes
  A tarantella (Vaults:4)
  A wind drake (shapeshifter) (Abyss:4)
  A hydra skeleton (Hell)
  A snapping turtle (Shoals:1)
  A stone giant simulacrum (Crypt:3)
  A harpy skeleton (Tomb:2)
  9 dream sheep
  47 large abominations
  2 ettin zombies
  A snapping turtle (shapeshifter) (Abyss:5)
  21 blink frogs
  A fire giant simulacrum (Depths:3)
  51 flying skulls
  5 air elementals
  15 water elementals
  A dire elephant simulacrum (Abyss:4)
  A centaur simulacrum (D:15)
  An ettin skeleton (Crypt:3)
  A jumping spider (Vaults:4)
  14 shadows
  A vampire (D:11)
  5 ynoxinuls
  6 ushabtiu (Tomb:1)
  15 wraiths
  43 yaks
  15 wyverns
  A black mamba skeleton (Crypt:3)
  11 basilisks
  3 fire elementals
  2 golden eyes (Slime:1)
  A steam dragon (D:8)
  9 humans (D:14)
  21 neqoxecs
  4 vampire mosquitoes
  Grum (D:9)
  6 redbacks
  16 chaos spawn
  3 harpy simulacra
  A deep troll zombie (Crypt:2)
  34 nagas
  7 spatial vortices
  7 wargs
  An acid dragon (D:8)
  The ghost of ouz the Sneak, an amateur VSBr (D:5)
  18 water moccasins
  2 naga zombies
  A merfolk skeleton (Crypt:3)
  14 hell hounds
  32 orc warriors
  2 sky beasts (D:6)
  A meliai simulacrum (D:15)
  10 black bears
  20 wolves
  A boggart (Vaults:1)
  15 ogres
  10 centaurs
  2 hog zombies
  2 phantoms
  5 kobold brigands
  8 bullfrogs
  3 gnoll sergeants
  3 necrophages
  4 earth elementals
  A scorpion (D:10)
  A human simulacrum (Depths:3)
  2 warg zombies
  4 wights
  28 killer bees
  A shapeshifter zombie (Crypt:1)
  A yak skeleton (Crypt:1)
  6 electric eels (Lair:4)
  5 howler monkeys
  26 small abominations
  5 quasits
  5 hounds
  11 orc priests
  3 centaur skeletons
  2 gnoll shamans
  3 iron imps
  5 jellies
  An iguana (D:10)
  25 orc wizards
  A statue (D:13)
  33 mummies
  A hound skeleton (Crypt:2)
  A howler monkey skeleton (D:5)
  2 howler monkey zombies
  4 adders
  A steam dragon zombie (Crypt:1)
  24 gnolls
  3 white imps
  4 ufetubi
  An adder zombie (Crypt:1)
  4 dart slugs
  62 orcs
  10 endoplasms
  2 giant cockroaches
  11 goblins
  13 hobgoblins
  7 jackals
  3 quokkas (D:4)
  5 ball pythons
  4 bats
  2 frilled lizards
  A frilled lizard skeleton (Crypt:1)
  30 kobolds
  9 rats
  A rat zombie (Crypt:2)
  8 briar patches (WizLab)
  10 bushes (D:14)
  2 fire vortices (Hell)
  2 lurking horrors
  12 starspawn tentacles
3043 creatures vanquished.

Vanquished Creatures (collateral kills)
  A royal mummy (Tomb:1)
  A nagaraja (Snake:4)
  A bennu (Tomb:1)
  A mummy priest (Tomb:2)
  2 hell hogs (Abyss:5)
  A thrashing horror (Abyss:4)
  A naga sharpshooter (Snake:4)
  A guardian serpent (shapeshifter) (Vaults:5)
  A hellwing (Abyss:4)
  An ancient zyme (Abyss:4)
  A flying skull (Tomb:1)
12 creatures vanquished.

Vanquished Creatures (others)
  An acid blob (Zot:1)
  An ancient champion (Hell)
  A tengu reaver (Vaults:5)
  An azure jelly (Slime:4)
  14 great orbs of eyes
  A starcursed mass (Abyss:5)
  A vampire knight (Depths:1)
  A yellow draconian (Zot:1)
  An ettin (shapeshifter) (Vaults:5)
  A satyr (Shoals:4)
  A thrashing horror (Abyss:5)
  4 large abominations
  7 deep elf knights
  A bunyip zombie (Crypt:2)
  6 glowing orange brains
  A wretched star (Abyss:5)
  A spatial maelstrom (Abyss:5)
  2 deep trolls
  4 phantasmal warriors
  3 ironbound convokers (Vaults:2)
  3 deep elf pyromancers
  2 ugly things
  An elephant (shapeshifter) (Vaults:5)
  2 cyclopes (Slime:4)
  2 vault sentinels
  A black mamba (Snake:2)
  A merfolk siren (Shoals:2)
  A water nymph (shapeshifter) (Vaults:2)
  A water nymph (Shoals:2)
  An orange demon (Abyss:2)
  An eye of devastation (Abyss:4)
  2 yaktaurs
  An efreet (Abyss:5)
  A troll (Slime:4)
  2 polar bears
  A tarantella zombie (Crypt:3)
  2 raiju (Abyss:5)
  A dream sheep (Shoals:1)
  17 slime creatures
  A water elemental (Hell)
  A vampire (Abyss:2)
  2 neqoxecs (Abyss:5)
  6 golden eyes (Abyss:5)
  A floating eye (Depths:3)
  A naga (Snake:3)
  3 floating eyes (shapeshifter)
  A black bear (Slime:4)
  4 small abominations
  A quasit (Abyss:2)
  A black bear zombie (Crypt:1)
  295 jellies
  An iguana (shapeshifter) (Elf:2)
  An orc (Snake:4)
  A river rat skeleton (Crypt:3)
  11 demonic plants (Abyss:5)
  2 fire vortices (Hell)
  21 foxfires
  57 fungi
  2 lurking horrors
  262 plants
  38 starspawn tentacles
809 creatures vanquished.

Grand Total: 3864 creatures vanquished

Notes
Turn   | Place    | Note
-------+----------+-------------------------------------------
     0 | D:1      | Miritol the Deep Dwarf Berserker began the quest for the
                  | Orb.
     0 | D:1      | Reached XP level 1. HP: 20/20 MP: 1/1
   310 | D:1      | Reached XP level 2. HP: 25/27 MP: 2/2
   491 | D:1      | Found a faded altar of an unknown god.
   966 | D:2      | Reached XP level 3. HP: 19/33 MP: 3/3
   987 | D:2      | Reached ** piety under Trog
  1118 | D:2      | Found an opulent altar of Gozag.
  1293 | D:2      | Reached XP level 4. HP: 24/40 MP: 4/4
  1522 | D:3      | Found an ancient bone altar of Kikubaaqudgha.
  1878 | D:3      | Found a blossoming altar of Fedhas.
  1878 | D:3      | Found a glowing silver altar of Zin.
  1969 | D:3      | Reached skill level 5 in Axes
  1986 | D:3      | Reached XP level 5. HP: 36/46 MP: 5/5
  1992 | D:3      | Reached *** piety under Trog
  2185 | D:4      | Noticed a black bear
  2191 | D:4      | Killed a black bear
  2294 | D:4      | Reached skill level 5 in Armour
  2348 | D:4      | Reached XP level 6. HP: 24/55 MP: 6/6
  2498 | D:4      | Found a stormy altar of Qazlal.
  2499 | D:4      | Noticed a water elemental
  2520 | D:4      | Noticed a fire elemental
  2521 | D:4      | Noticed an air elemental
  2788 | D:4      | You fall into a shaft and drop 2 floors!
  2797 | D:6      | Reached XP level 7. HP: 44/61 MP: 7/7
  2896 | D:5      | Entered Level 5 of the Dungeon
  2896 | D:5      | Found a runed translucent gate.
  2896 | D:5      | Found a runed translucent gate.
  2896 | D:5      | Found a runed translucent gate.
  2897 | D:5      | Noticed ouz's ghost (amateur VSBr)
  2919 | D:5      | Found a staircase to the Ecumenical Temple.
  2987 | Temple   | Entered the Ecumenical Temple
  3393 | D:4      | Reached **** piety under Trog
  4097 | D:6      | Reached XP level 8. HP: 68/68 MP: 8/8
  4353 | D:6      | Noticed Jortsu's ghost (novice GnFi)
  4372 | D:6      | Noticed a +0 falchion
  4372 | D:6      | Noticed a +0 dagger
  4372 | D:6      | Noticed a +0 spear
  4373 | D:6      | Noticed a +0 falchion
  4373 | D:6      | Noticed a +0 dagger
  4373 | D:6      | Noticed a +0 spear
  4375 | D:6      | Noticed a +0 short sword
  4375 | D:6      | Noticed a +0 short sword
  4385 | D:6      | Found a hide-covered altar of Uskayaw.
  4489 | D:6      | Found a runed translucent door.
  4700 | D:6      | Identified the +2 leather armour of Lifelessness {SInv}
  4998 | D:7      | Found a shadowy altar of Dithmenos.
  5012 | D:7      | Found a white marble altar of Elyvilon.
  5022 | D:7      | Found a shimmering blue altar of Sif Muna.
  5075 | D:7      | Found a shimmering altar of Xom.
  5377 | D:8      | Noticed Erica
  5377 | D:8      | Noticed Pikel
  5390 | D:8      | Killed Erica
  5391 | D:8      | Reached skill level 10 in Axes
  5391 | D:8      | Gained mutation: You passively map the area around you.
                  | [Deep Dwarf growth]
  5391 | D:8      | Reached XP level 9. HP: 74/74 MP: 9/9
  5419 | D:7      | Killed Pikel
  5420 | D:7      | Reached skill level 10 in Armour
  5449 | D:8      | Reached skill level 1 in Shields
  5453 | D:8      | Noticed Psyche
  5465 | D:8      | Killed Psyche
  5690 | D:8      | HP: 4/111 [acid dragon/splash of acid (15)]
  5693 | D:8      | Reached XP level 10. HP: 4/81 MP: 9/9
  6107 | D:9      | Noticed a naga warrior
  6156 | D:9      | Found a large runed translucent door.
  6156 | D:9      | Found a large runed translucent door.
  6157 | D:9      | Found a flagged portal.
  6171 | Bailey   | Entered a bailey
  6179 | Bailey   | Noticed an orc knight
  6329 | Bailey   | Noticed an orc knight
  6342 | Bailey   | Killed an orc knight
  6405 | Bailey   | Killed an orc knight
  6406 | Bailey   | Reached skill level 5 in Shields
  6420 | Bailey   | Reached ***** piety under Trog
  6607 | D:9      | Noticed Grum
  6619 | D:9      | Killed Grum
  6933 | D:9      | Noticed a cyclops
  6940 | D:9      | Noticed a centaur warrior
  6943 | D:9      | Noticed a naga warrior
  7086 | D:9      | Found the +0 staff of Battle
  7313 | D:10     | Entered Level 10 of the Dungeon
  7322 | D:10     | Found Ganoacio's Antique Armour Emporium.
  7446 | D:10     | Found a staircase to the Lair.
  8185 | D:10     | Reached XP level 11. HP: 30/88 MP: 4/4
  8850 | D:10     | Received a gift from Trog
  8892 | D:11     | Noticed a boulder beetle
  8970 | D:11     | Killed a boulder beetle
  8987 | D:11     | Found a staircase to the Orcish Mines.
  9092 | D:11     | Gained mutation: You have supernaturally acute eyesight.
                  | (SInv) [potion of mutation]
  9092 | D:11     | Gained mutation: Your muscles are strong. (Str +2) [potion
                  | of mutation]
  9092 | D:11     | Gained mutation: You are agile. (Dex +2) [potion of
                  | mutation]
  9092 | D:11     | Gained mutation: Your spells are a little harder to cast,
                  | but a little more powerful. [potion of mutation]
  9094 | D:11     | Lost mutation: You have supernaturally acute eyesight.
                  | (SInv) [potion of mutation]
  9094 | D:11     | Lost mutation: Your spells are a little harder to cast, but
                  | a little more powerful. [potion of mutation]
  9094 | D:11     | Lost mutation: Your muscles are strong. (Str +2) [potion of
                  | mutation]
  9094 | D:11     | Gained mutation: You are robust. (+10% HP) [potion of
                  | mutation]
  9139 | D:11     | Lost mutation: You are agile. (Dex +2) [potion of mutation]
  9139 | D:11     | Lost mutation: You are robust. (+10% HP) [potion of
                  | mutation]
  9139 | D:11     | Gained mutation: You have sharp toenails. [potion of
                  | mutation]
  9139 | D:11     | Gained mutation: You are agile. (Dex +2) [potion of
                  | mutation]
  9139 | D:11     | Gained mutation: You are frail. (-10% HP) [potion of
                  | mutation]
  9139 | D:11     | Gained mutation: You are strong-willed. (Will+) [potion of
                  | mutation]
  9140 | D:11     | Lost mutation: You are frail. (-10% HP) [potion of
                  | mutation]
  9140 | D:11     | Lost mutation: You have sharp toenails. [potion of
                  | mutation]
  9140 | D:11     | Gained mutation: You have very sharp teeth. [potion of
                  | mutation]
  9140 | D:11     | Gained mutation: You expend magic power (3 MP) to
                  | strengthen your wands. [potion of mutation]
  9382 | D:11     | Noticed a two-headed ogre
  9404 | D:11     | Killed a two-headed ogre
  9439 | D:11     | Noticed a boulder beetle
  9511 | D:11     | Killed a boulder beetle
  9565 | D:11     | Noticed a two-headed ogre
  9573 | D:11     | Killed a two-headed ogre
  9791 | D:11     | Reached XP level 12. HP: 17/96 MP: 4/4
 10089 | D:5      | Killed ouz's ghost
 10162 | D:6      | Killed Jortsu's ghost
 10174 | D:6      | Identified a scroll of acquirement
 10175 | D:6      | Acquired the +7 crystal plate armour of Zuyxu {rN+}
 10258 | D:9      | Found an iron altar of Okawaru.
 10263 | D:9      | Found an iron altar of Okawaru.
 10271 | D:9      | Killed a centaur warrior
 10273 | D:9      | Killed a naga warrior
 10279 | D:9      | Killed a naga warrior
 10318 | D:9      | Identified the +10 short sword of Defilement {chaos, +Blink
                  | Int-3 Dex+2 Stlth+}
 10324 | D:9      | Identified the +7 war axe "Betefo" {vorpal, rF+ rC+ Will+
                  | Int+4}
 10402 | D:12     | Reached skill level 10 in Shields
 10511 | D:12     | Noticed a two-headed ogre
 10648 | D:12     | Killed a two-headed ogre
 10706 | D:12     | Found a transporter.
 10737 | D:12     | Noticed Fumpue's ghost (journeyman SpEn)
 10747 | D:12     | Found a transporter.
 10819 | D:12     | Noticed a boulder beetle
 10832 | D:12     | Killed a boulder beetle
 10938 | D:12     | Noticed Gastronok
 10951 | D:12     | Killed Gastronok
 10952 | D:12     | Reached skill level 15 in Axes
 11432 | D:13     | Noticed a centaur warrior
 11443 | D:13     | Killed a centaur warrior
 11476 | D:13     | Noticed a boulder beetle
 11479 | D:13     | Noticed an eight-headed hydra
 11491 | D:13     | Killed a boulder beetle
 11492 | D:13     | Reached skill level 15 in Armour
 11493 | D:13     | Killed a three-headed hydra
 11962 | D:13     | Found a radiant altar of Vehumet.
 12049 | D:14     | Found a sparkling altar of Nemelex Xobeh.
 12069 | D:14     | Reached XP level 13. HP: 68/102 MP: 4/4
 12832 | D:14     | Found a blossoming altar of Fedhas.
 13097 | D:14     | Found a gate to the Vaults.
 13617 | D:15     | Entered Level 15 of the Dungeon
 14201 | D:15     | Gained mutation: You resist negative energy. (rN+) [Deep
                  | Dwarf growth]
 14201 | D:15     | Reached XP level 14. HP: 70/109 MP: 4/4
 14255 | D:15     | Found a staircase to the Depths.
 14679 | Orc:1    | Entered Level 1 of the Orcish Mines
 14802 | Orc:2    | Entered Level 2 of the Orcish Mines
 15247 | Orc:1    | Found Runuh's Book Boutique.
 15446 | Orc:2    | Noticed an orc warlord
 15446 | Orc:2    | Found Duuma's Antique Armour Boutique.
 15666 | Orc:2    | Killed an orc warlord
 15666 | Orc:2    | Identified the +6 battleaxe of Sadd {vorpal, rElec Will+
                  | Int-2} (Trog gifted it to you on level 2 of the Orcish
                  | Mines)
 15666 | Orc:2    | Received a gift from Trog
 15931 | Orc:2    | Bought a pair of faintly glowing boots for 218 gold pieces
 15931 | Orc:2    | Identified the +0 pair of boots of Foolhardiness {Rampage
                  | rPois rF- rCorr} (You bought it in a shop on level 2 of the
                  | Orcish Mines)
 15931 | Orc:2    | Bought a runed kite shield for 172 gold pieces
 15960 | Orc:2    | Found a staircase to the Elven Halls.
 16369 | Orc:2    | Found Zafiu's Book Boutique.
 16382 | Orc:2    | Found Leampul's Antique Weapon Boutique.
 16450 | Orc:2    | Found Akkoocw's General Store.
 16489 | Orc:2    | Bought a scroll of identify for 30 gold pieces
 16906 | Lair:1   | Entered Level 1 of the Lair of Beasts
 18016 | Lair:2   | Received a gift from Trog
 18118 | Lair:2   | Identified the +4 ring mail "Fotyudam" {rF+}
 19282 | Lair:3   | Found a staircase to the Shoals.
 19374 | Lair:3   | Found a staircase to the Snake Pit.
 19871 | Lair:4   | Reached skill level 15 in Shields
 19871 | Lair:4   | Reached XP level 15. HP: 86/115 MP: 3/3
 20380 | Lair:4   | Identified the +3 leather armour of Prudence {rCorr Dex+2}
 20748 | Lair:5   | Identified the +8 short sword of Truncation {antimagic,
                  | rPois rC++ Dex-2}
 20781 | Lair:5   | Found a staircase to the Slime Pits.
 21146 | Lair:5   | Found a sacrificial altar of Ru.
 21266 | Lair:5   | Identified the +5 mace of Frustration {vorpal, Str+7}
 21467 | Lair:5   | Found a transporter.
 21563 | Lair:5   | Found a transporter.
 21739 | Lair:5   | Identified the +4 battleaxe "Pendulum" {vorpal, Str+3
                  | Stlth+}
 21933 | D:12     | Gained mutation: Potions are less effective at restoring
                  | your health. [a neqoxec]
 21941 | D:12     | Killed Fumpue's ghost
 22164 | Lair:6   | Entered Level 6 of the Lair of Beasts
 22296 | Lair:6   | Received a gift from Trog
 23115 | Lair:6   | Reached skill level 1 in Invocations
 23115 | Lair:6   | Reached XP level 16. HP: 73/122 MP: 1/1
 23360 | Slime:1  | Entered Level 1 of the Pits of Slime
 23365 | Slime:1  | Noticed an acid blob
 23386 | Slime:1  | Killed an acid blob
 23530 | Slime:1  | Received a gift from Trog
 23603 | Slime:1  | Gained mutation: You are frail. (-10% HP) [a shining eye]
 23854 | Slime:2  | Found a viscous altar of Jiyva.
 23914 | Slime:2  | Fell from the grace of Trog
 23914 | Slime:2  | Became a worshipper of Jiyva Jari the Shapeless
 24148 | Slime:3  | Noticed an acid blob
 24150 | Slime:3  | Noticed an acid blob
 24314 | Slime:4  | Noticed an acid blob
 24553 | Slime:5  | Entered Level 5 of the Pits of Slime
 24553 | Slime:5  | Noticed an acid blob
 24565 | Slime:5  | Noticed an acid blob
 24613 | Slime:5  | Noticed an acid blob
 24614 | Slime:5  | Noticed an acid blob
 24636 | Slime:5  | Noticed an acid blob
 24643 | Slime:5  | Noticed the Royal Jelly
 24644 | Slime:5  | Noticed an acid blob
 24655 | Slime:5  | Noticed an acid blob
 24671 | Slime:5  | Noticed an acid blob
 24711 | Slime:5  | Noticed an acid blob
 24712 | Slime:5  | Noticed an acid blob
 24740 | Slime:5  | Found a viscous altar of Jiyva.
 24844 | Slime:1  | Noticed an acid blob
 24916 | Slime:1  | Noticed an acid blob
 25082 | Shoals:1 | Entered Level 1 of the Shoals
 25235 | Lair:3   | Got Oghuc's Grimoire of Stones and the Birds
 25289 | Snake:1  | Entered Level 1 of the Snake Pit
 26738 | Shoals:1 | Reached * piety under Jiyva
 27356 | Shoals:2 | Reached ** piety under Jiyva
 28099 | Shoals:3 | Reached *** piety under Jiyva
 28099 | Shoals:3 | Lost mutation: You have very sharp teeth. [Jiyva's grace]
 28099 | Shoals:3 | Lost mutation: You are frail. (-10% HP) [Jiyva's grace]
 28099 | Shoals:3 | Lost mutation: Potions are less effective at restoring your
                  | health. [Jiyva's grace]
 28099 | Shoals:3 | Lost mutation: You expend magic power (3 MP) to strengthen
                  | your wands. [Jiyva's grace]
 28099 | Shoals:3 | Gained mutation: Your body has grown eyes which may confuse
                  | attackers. (Acc +3) [Jiyva's grace]
 28099 | Shoals:3 | Gained mutation: Your body has grown many eyes which may
                  | confuse attackers. (Acc +5) [Jiyva's grace]
 28099 | Shoals:3 | Gained mutation: Your body is covered in eyes which may
                  | confuse attackers. (Acc +7, SInv) [Jiyva's grace]
 28099 | Shoals:3 | Gained mutation: You have sharp toenails. [Jiyva's grace]
 28914 | Shoals:4 | Entered Level 4 of the Shoals
 28914 | Shoals:4 | Noticed Polyphemus
 29130 | Shoals:4 | Reached XP level 17. HP: 128/129 MP: 2/2
 29147 | Shoals:4 | Killed Polyphemus
 29293 | Shoals:4 | Reached **** piety under Jiyva
 29667 | Shoals:4 | Got a barnacled rune of Zot
 30168 | Snake:1  | Found Emaiph's Gadget Gallery.
 30265 | Snake:1  | Reached skill level 5 in Fighting
 30331 | Snake:1  | Found Noytz's Distillery.
 30331 | Snake:1  | Found Woclimomn's Weapon Boutique.
 30435 | Snake:1  | Found a runed translucent door.
 30437 | Snake:1  | Noticed Ysuobe's ghost (journeyman DDFi)
 30459 | Snake:1  | Killed Ysuobe's ghost
 30771 | Snake:2  | Noticed Aizul
 30789 | Snake:2  | Killed Aizul
 31145 | Snake:2  | Found Vutuanam's Jewellery Boutique.
 31146 | Snake:2  | Found Janaop's Book Emporium.
 31147 | Snake:2  | Found Dinedghink's Jewellery Boutique.
 31170 | Snake:2  | Bought the amulet of Joruz {rElec Regen+} for 572 gold
                  | pieces
 31223 | Snake:2  | Paralysed by Trog for 4 turns
 31570 | Snake:3  | Reached ***** piety under Jiyva
 31578 | Snake:3  | Gained mutation: You passively map a large area around you.
                  | [Deep Dwarf growth]
 31578 | Snake:3  | Reached XP level 18. HP: 137/150 MP: 3/3
 31721 | Snake:3  | Lost mutation: You have sharp toenails. [Jiyva's grace]
 31721 | Snake:3  | Gained mutation: You have a small jelly attached to you
                  | that senses nearby items. [Jiyva's grace]
 31721 | Snake:3  | Gained mutation: You have sharp toenails. [Jiyva's grace]
 31721 | Snake:3  | Gained mutation: You have razor-sharp toenails. [Jiyva's
                  | grace]
 31721 | Snake:3  | Gained mutation: You have claws for feet. [Jiyva's grace]
 31881 | Slime:3  | Paralysed by Trog for 3 turns
 32436 | Snake:3  | Found the +10 zealot's sword {holy, *Rage rN+ EV+3}
 32983 | Snake:4  | Entered Level 4 of the Snake Pit
 33114 | Snake:4  | Noticed Saint Roka
 33239 | Snake:4  | Killed Saint Roka
 33864 | Snake:4  | Got a serpentine rune of Zot
 34370 | Snake:4  | Reached skill level 1 in Short Blades
 34772 | Elf:1    | Entered Level 1 of the Elven Halls
 34917 | Elf:1    | Found Keofugua's Magic Scroll Shoppe.
 35281 | Elf:1    | Paralysed by Trog for 6 turns
 35423 | Elf:1    | Found Enumnune's Distillery.
 35521 | Elf:1    | Lost mutation: You have claws for feet. [Jiyva's grace]
 35521 | Elf:1    | Lost mutation: You have razor-sharp toenails. [Jiyva's
                  | grace]
 35521 | Elf:1    | Lost mutation: You are strong-willed. (Will+) [Jiyva's
                  | grace]
 35521 | Elf:1    | Lost mutation: Your body is covered in eyes which may
                  | confuse attackers. (Acc +7, SInv) [Jiyva's grace]
 35521 | Elf:1    | Gained mutation: Your melee attacks may engulf your foes in
                  | ooze. [Jiyva's grace]
 35521 | Elf:1    | Gained mutation: You possess an exceptional clarity of
                  | mind. [Jiyva's grace]
 35521 | Elf:1    | Gained mutation: Your rubbery body absorbs attacks. (AC +1,
                  | EV +1) [Jiyva's grace]
 35521 | Elf:1    | Gained mutation: Your pliable body absorbs attacks. (AC +2,
                  | EV +2) [Jiyva's grace]
 35597 | Elf:1    | Identified the +0 hunting sling "Lotzipeno" {flame, rC+
                  | Str+3}
 35677 | Elf:1    | Reached XP level 19. HP: 163/165 MP: 4/4
 35681 | Elf:1    | Found Adghuel's Assorted Antiques.
 35704 | Elf:1    | Bought a scroll of summoning for 209 gold pieces
 35704 | Elf:1    | Bought a scroll labelled EMOEFO HEUCOAVI for 22 gold pieces
 35704 | Elf:1    | Bought a scroll of blinking for 165 gold pieces
 35755 | Elf:1    | Was forgiven by Trog
 35862 | Elf:2    | Paralysed by an air elemental for 1 turns
 35938 | Elf:2    | Found Seckeme's Armour Shop.
 36144 | Elf:2    | Found Zazxoceri's Armour Shoppe.
 36166 | Elf:2    | Found a huge runed translucent gate.
 36166 | Elf:2    | Found a huge runed translucent gate.
 36166 | Elf:2    | Found a huge runed translucent gate.
 36167 | Elf:2    | Found a huge runed translucent gate.
 36170 | Elf:2    | Found a huge runed translucent gate.
 36257 | Elf:2    | Reached ****** piety under Jiyva
 36662 | Elf:2    | Reached skill level 10 in Fighting
 36855 | Elf:3    | Entered Level 3 of the Elven Halls
 37126 | Elf:3    | Identified the +4 ring mail of Virtue {-Cast rPois Will+++
                  | Slay+6}
 37132 | Elf:3    | Got Rusefed's Disquisition on Cold and Intoxication
 37136 | Elf:3    | Identified the ring "Soexoof" {rCorr Str+3}
 37172 | Elf:3    | Identified the +7 halberd of Magnificence {freeze, Str+3
                  | Int+2}
 37227 | Elf:3    | Identified the +1 ring mail "Gautri" {rN++}
 37261 | Elf:3    | Identified the +1 scale mail of Hoej {Str+5}
 37263 | Elf:3    | Identified the +8 short sword of the End {vorpal, *Noise
                  | rElec Int+4 Dex+2}
 37634 | Elf:3    | Lost mutation: You have sharp toenails. [Jiyva's grace]
 37634 | Elf:3    | Lost mutation: Your body has grown many eyes which may
                  | confuse attackers. (Acc +5) [Jiyva's grace]
 37634 | Elf:3    | Lost mutation: Your pliable body absorbs attacks. (AC +2,
                  | EV +2) [Jiyva's grace]
 37634 | Elf:3    | Gained mutation: You have a beak for a mouth. [Jiyva's
                  | grace]
 37634 | Elf:3    | Gained mutation: You are covered in slimy tendrils that may
                  | disarm your opponents. [Jiyva's grace]
 37634 | Elf:3    | Gained mutation: You have sharp toenails. [Jiyva's grace]
 37634 | Elf:3    | Gained mutation: You have razor-sharp toenails. [Jiyva's
                  | grace]
 37759 | Elf:3    | Identified the +6 glaive "Niblepnerch" {flame, Str+3 Int+3}
 37894 | Elf:3    | Paralysed by an air elemental for 1 turns
 38265 | Slime:5  | Identified the +4 ring mail "Duaphu" {Drain *Slow rN+++
                  | Slay+2}
 38267 | Slime:5  | Got a slimy rune of Zot
 38268 | Slime:5  | Identified the +7 hand crossbow of Ru's Vengeance {venom,
                  | rN+ Will- Str+4 Int+4}
 38277 | Slime:5  | Got Walo's Disquisition on Burning Poison
 38280 | Slime:5  | Identified the +0 robe of Hoseteer {rF+ MP+9}
 38284 | Slime:5  | Got the Incunabulum of Cloudy Dark Rites
 38293 | Slime:5  | Got Cecikey's Volume of the Dark Arsonist
 38351 | Slime:5  | Acquired 753 gold pieces
 38662 | Vaults:1 | Entered Level 1 of the Vaults
 38709 | Vaults:1 | Reached skill level 1 in Crossbows
 38989 | Vaults:1 | Reached XP level 20. HP: 169/181 MP: 5/5
 38995 | Vaults:1 | Reached skill level 5 in Crossbows
 40045 | Vaults:2 | Found Fuogeunn's Magic Scroll Emporium.
 40056 | Vaults:2 | Bought a scroll of blinking for 142 gold pieces
 40056 | Vaults:2 | Bought a scroll of summoning for 180 gold pieces
 40061 | Vaults:2 | Found a huge runed gate.
 40061 | Vaults:2 | Found a huge runed gate.
 40061 | Vaults:2 | Found a huge runed gate.
 40061 | Vaults:2 | Found a huge runed gate.
 40061 | Vaults:2 | Found a huge runed gate.
 40062 | Vaults:2 | Found a huge runed gate.
 40062 | Vaults:2 | Found a huge runed gate.
 40062 | Vaults:2 | Found a huge runed gate.
 40062 | Vaults:2 | Found a huge runed gate.
 40063 | Vaults:2 | Found a huge runed gate.
 40063 | Vaults:2 | Found a huge runed gate.
 40063 | Vaults:2 | Found a huge runed gate.
 40063 | Vaults:2 | Found a huge runed gate.
 40063 | Vaults:2 | Found a huge runed gate.
 40063 | Vaults:2 | Found a huge runed gate.
 40077 | Vaults:2 | Found a huge runed gate.
 40078 | Vaults:2 | Found a huge runed gate.
 40079 | Vaults:2 | Found a huge runed gate.
 40095 | Vaults:2 | Found a huge runed gate.
 40103 | Vaults:2 | Found a huge runed gate.
 40103 | Vaults:2 | Found a huge runed gate.
 40103 | Vaults:2 | Found a huge runed gate.
 40103 | Vaults:2 | Found a huge runed gate.
 40103 | Vaults:2 | Found a huge runed gate.
 40103 | Vaults:2 | Found a huge runed gate.
 40103 | Vaults:2 | Found a huge runed gate.
 40104 | Vaults:2 | Found a huge runed gate.
 40104 | Vaults:2 | Found a huge runed gate.
 40115 | Vaults:2 | Found a huge runed gate.
 40115 | Vaults:2 | Found a huge runed gate.
 40115 | Vaults:2 | Found a huge runed gate.
 40115 | Vaults:2 | Found a huge runed gate.
 40115 | Vaults:2 | Found a huge runed gate.
 40115 | Vaults:2 | Found a huge runed gate.
 40115 | Vaults:2 | Found a huge runed gate.
 40116 | Vaults:2 | Found a huge runed gate.
 40149 | Vaults:2 | Found Jucvuolo's Assorted Antiques.
 40299 | Vaults:2 | Found Vuhodgh's Armour Shoppe.
 40664 | Vaults:2 | Identified the +7 dagger of Execution {freeze, rN+ Dex+3
                  | Stlth-}
 40881 | Vaults:2 | Lost mutation: Your body has grown eyes which may confuse
                  | attackers. (Acc +3) [Jiyva's grace]
 40881 | Vaults:2 | Lost mutation: Your rubbery body absorbs attacks. (AC +1,
                  | EV +1) [Jiyva's grace]
 40881 | Vaults:2 | Lost mutation: You are covered in slimy tendrils that may
                  | disarm your opponents. [Jiyva's grace]
 40881 | Vaults:2 | Gained mutation: You have a small jelly attached to you
                  | that may absorb projectiles. [Jiyva's grace]
 40881 | Vaults:2 | Gained mutation: You are covered in slimy tendrils that may
                  | disarm your opponents. [Jiyva's grace]
 40881 | Vaults:2 | Gained mutation: You expend magic power (3 MP) to
                  | strengthen your wands. [Jiyva's grace]
 40881 | Vaults:2 | Gained mutation: You have acidic saliva. [Jiyva's grace]
 40989 | Vaults:2 | Found a staircase to the Crypt.
 40989 | Vaults:2 | Found a basalt altar of Yredelemnul.
 40990 | Vaults:2 | Found an ancient bone altar of Kikubaaqudgha.
 41362 | Vaults:3 | You fall into a shaft and drop 1 floor!
 41511 | Vaults:3 | Noticed Asterion
 41534 | Vaults:3 | Reached XP level 21. HP: 154/193 MP: 6/6
 41558 | Vaults:3 | Killed Asterion
 41674 | Vaults:3 | Noticed Margery
 41704 | Vaults:3 | Killed Margery
 41929 | Vaults:3 | Noticed Jory
 41963 | Vaults:3 | Killed Jory
 42064 | Vaults:3 | Found Pacaet's Magic Scroll Emporium.
 42072 | Vaults:3 | Bought a scroll of holy word for 142 gold pieces
 42072 | Vaults:3 | Bought a scroll of magic mapping for 66 gold pieces
 42557 | Vaults:3 | Lost mutation: You are agile. (Dex +2) [Jiyva's grace]
 42557 | Vaults:3 | Lost mutation: You possess an exceptional clarity of mind.
                  | [Jiyva's grace]
 42557 | Vaults:3 | Lost mutation: You have a small jelly attached to you that
                  | senses nearby items. [Jiyva's grace]
 42557 | Vaults:3 | Gained mutation: Your body has grown eyes which may confuse
                  | attackers. (Acc +3) [Jiyva's grace]
 42557 | Vaults:3 | Gained mutation: Your body has grown many eyes which may
                  | confuse attackers. (Acc +5) [Jiyva's grace]
 42557 | Vaults:3 | Gained mutation: Your body is covered in eyes which may
                  | confuse attackers. (Acc +7, SInv) [Jiyva's grace]
 42557 | Vaults:3 | Gained mutation: Your rubbery body absorbs attacks. (AC +1,
                  | EV +1) [Jiyva's grace]
 43012 | Vaults:4 | Noticed Sojobo
 43023 | Vaults:4 | Paralysed by an air elemental for 1 turns
 43029 | Vaults:4 | Paralysed by an air elemental for 1 turns
 43031 | Vaults:4 | Killed Sojobo
 43243 | Vaults:4 | Noticed Frederick
 43253 | Vaults:4 | Killed Frederick
 44290 | Vaults:5 | Entered Level 5 of the Vaults
 44654 | Vaults:5 | Noticed a golden dragon
 44717 | Vaults:4 | Killed a golden dragon
 44718 | Vaults:4 | Reached XP level 22. HP: 196/207 MP: 7/7
 44831 | Vaults:5 | Noticed a golden dragon
 44860 | Vaults:5 | Killed a golden dragon
 45121 | Vaults:5 | Identified the ring of Cefrem {Wiz Will++ Int+4 Dex+2}
 45128 | Vaults:5 | Reached skill level 15 in Fighting
 45391 | Vaults:5 | Got a silver rune of Zot
 45500 | Vaults:5 | Identified the +1 leather armour "Qusamija" {Drain rF+
                  | Regen+ Dex+4}
 46061 | Elf:1    | Bought a scroll of enchant armour for 165 gold pieces
 46347 | Depths:1 | Entered Level 1 of the Depths
 46355 | Depths:1 | Lost mutation: Your melee attacks may engulf your foes in
                  | ooze. [Jiyva's grace]
 46355 | Depths:1 | Gained mutation: Your pliable body absorbs attacks. (AC +2,
                  | EV +2) [Jiyva's grace]
 46355 | Depths:1 | Gained mutation: Your gelatinous body deflects attacks. (AC
                  | +3, EV +3) [Jiyva's grace]
 46355 | Depths:1 | Gained mutation: Your mind is acute. (Int +2) [Jiyva's
                  | grace]
 46355 | Depths:1 | Gained mutation: Your mind is very acute. (Int +4) [Jiyva's
                  | grace]
 46493 | Depths:1 | Found a one-way gateway to a ziggurat.
 46518 | Depths:1 | Noticed a caustic shrike
 46519 | Depths:1 | Noticed a caustic shrike
 46520 | Depths:1 | Noticed a caustic shrike
 46528 | Depths:1 | Killed a caustic shrike
 46536 | Depths:1 | Killed a caustic shrike
 46555 | Depths:1 | Killed a caustic shrike
 46692 | Depths:1 | Found a gateway to Hell.
 47199 | Depths:1 | Found a one-way gate leading to the halls of Pandemonium.
 47364 | Depths:2 | Found a one-way gate to the infinite horrors of the Abyss.
 47528 | Depths:2 | Found a large runed translucent door.
 47555 | Depths:2 | Found a large runed translucent door.
 47692 | Depths:2 | Reached XP level 23. HP: 203/220 MP: 8/8
 48046 | Depths:2 | Noticed a shard shrike
 48060 | Depths:2 | Killed a shard shrike
 48375 | Depths:2 | Got the Disquisition on the Compass and Stones
 48800 | Depths:3 | Lost mutation: Your mind is very acute. (Int +4) [Jiyva's
                  | grace]
 48800 | Depths:3 | Lost mutation: Your body is covered in eyes which may
                  | confuse attackers. (Acc +7, SInv) [Jiyva's grace]
 48800 | Depths:3 | Lost mutation: Your gelatinous body deflects attacks. (AC
                  | +3, EV +3) [Jiyva's grace]
 48800 | Depths:3 | Lost mutation: Your pliable body absorbs attacks. (AC +2,
                  | EV +2) [Jiyva's grace]
 48800 | Depths:3 | Gained mutation: You have supernaturally acute eyesight.
                  | (SInv) [Jiyva's grace]
 48800 | Depths:3 | Gained mutation: Your muscles are strong. (Str +2) [Jiyva's
                  | grace]
 48800 | Depths:3 | Gained mutation: Your muscles are very strong. (Str +4)
                  | [Jiyva's grace]
 48800 | Depths:3 | Gained mutation: You are strong-willed. (Will+) [Jiyva's
                  | grace]
 49143 | Depths:3 | Reached skill level 27 in Armour
 49144 | Depths:3 | Found a portal to a secret trove of treasure.
 49505 | Vaults:2 | Bought a scroll of enchant weapon for 142 gold pieces
 49505 | Vaults:2 | Bought a scroll of enchant weapon for 142 gold pieces
 49721 | Depths:3 | Noticed a juggernaut
 49738 | Depths:3 | Killed a juggernaut
 49909 | Depths:3 | Identified the +8 chain mail of Narcissism {rElec rPois
                  | Slay+2}
 49978 | Depths:3 | Identified the ring of Holog {Ice rElec rN+ Will- Str+3}
 49978 | Depths:3 | Noticed Josephina
 50014 | Depths:3 | Killed Josephina
 50281 | Depths:4 | Entered Level 4 of the Depths
 50319 | Depths:4 | Identified the +1 leather armour of the Worm {rElec rF++
                  | rCorr Stlth+}
 50382 | Depths:4 | Found Xiesto's Book Shop.
 50447 | Depths:4 | Found an opulent altar of Gozag.
 50458 | Depths:4 | Found Gozag's Platinum Reserve.
 50469 | Depths:4 | Bought the +2 pair of gloves of the Lotus Blossom {rC+ rN+}
                  | for 3270 gold pieces
 50523 | Depths:4 | Found a transporter.
 50525 | Depths:4 | Noticed a caustic shrike
 50526 | Depths:4 | Found a transporter.
 50527 | Depths:4 | Noticed Tadecekk's ghost (veteran GrSu)
 50528 | Depths:4 | Noticed an ancient lich
 50597 | Depths:3 | You paid a toll of a +7 demon whip to enter a treasure
                  | trove
 50598 | Trove    | Entered a treasure trove
 51049 | Depths:4 | Reached XP level 24. HP: 230/236 MP: 8/8
 51088 | Depths:4 | Found a runed translucent door.
 51088 | Depths:4 | Found a runed translucent door.
 51088 | Depths:4 | Found a runed translucent door.
 51113 | Depths:4 | Found a gate to the Realm of Zot.
 51254 | Depths:4 | Found a runed translucent door.
 51285 | Depths:4 | Found a runed translucent door.
 51375 | Depths:4 | Found a runed translucent door.
 51476 | Depths:4 | Lost mutation: You have razor-sharp toenails. [Jiyva's
                  | grace]
 51476 | Depths:4 | Lost mutation: You have sharp toenails. [Jiyva's grace]
 51476 | Depths:4 | Lost mutation: You have supernaturally acute eyesight.
                  | (SInv) [Jiyva's grace]
 51476 | Depths:4 | Lost mutation: You are strong-willed. (Will+) [Jiyva's
                  | grace]
 51476 | Depths:4 | Lost mutation: Your body has grown many eyes which may
                  | confuse attackers. (Acc +5) [Jiyva's grace]
 51476 | Depths:4 | Gained mutation: Your melee attacks may engulf your foes in
                  | ooze. [Jiyva's grace]
 51476 | Depths:4 | Gained mutation: Your translucent skin slightly reduces
                  | your foes' accuracy. (Stealth+) [Jiyva's grace]
 51476 | Depths:4 | Gained mutation: Your translucent skin reduces your foes'
                  | accuracy. (Stealth+) [Jiyva's grace]
 51476 | Depths:4 | Gained mutation: Your transparent skin significantly
                  | reduces your foes' accuracy. (Stealth+) [Jiyva's grace]
 52212 | Crypt:1  | Entered Level 1 of the Crypt
 52239 | Crypt:1  | Reached skill level 1 in Long Blades
 52337 | Crypt:1  | Noticed a dread lich
 52356 | Crypt:1  | Killed a dread lich
 52858 | Crypt:2  | Reached skill level 5 in Long Blades
 52866 | Crypt:2  | Found a magical portal.
 52891 | WizLab   | Entered Eringya's Formal Garden
 53267 | WizLab   | Found a blossoming altar of Fedhas.
 53382 | Crypt:2  | Reached skill level 27 in Shields
 53667 | Crypt:2  | Lost mutation: Your mind is acute. (Int +2) [Jiyva's grace]
 53667 | Crypt:2  | Lost mutation: You have a small jelly attached to you that
                  | may absorb projectiles. [Jiyva's grace]
 53667 | Crypt:2  | Lost mutation: Your melee attacks may engulf your foes in
                  | ooze. [Jiyva's grace]
 53667 | Crypt:2  | Gained mutation: You have a small jelly attached to you
                  | that may absorb projectiles. [Jiyva's grace]
 53667 | Crypt:2  | Gained mutation: Armour fits poorly on your pseudopods.
                  | [Jiyva's grace]
 53667 | Crypt:2  | Gained mutation: Armour fits poorly on your large
                  | pseudopods. [Jiyva's grace]
 53667 | Crypt:2  | Gained mutation: Armour fits poorly on your massive
                  | pseudopods. [Jiyva's grace]
 54361 | Crypt:3  | Entered Level 3 of the Crypt
 54663 | Crypt:3  | Found a staircase to the Tomb.
 54998 | Crypt:3  | Found a basalt altar of Yredelemnul.
 55055 | Crypt:3  | Identified the ring "Ovadd" {rN+ Dex+3}
 55055 | Crypt:3  | Identified the ring "Paxkim" {rF+ rN+ Int+8 Slay-6 SInv}
 55055 | Crypt:3  | Identified the ring of Oguomunu {rC- rN+ Dex+3 Slay+4}
 55057 | Crypt:3  | Identified the amulet of the Failed Coup {RegenMP Harm
                  | Fragile rPois rC+ Int+6}
 55142 | Crypt:3  | Reached skill level 10 in Long Blades
 55228 | Crypt:3  | Reached XP level 25. HP: 248/248 MP: 8/8
 55866 | Crypt:3  | Identified the +5 ring mail of the Falcon {Str+4 Stlth+}
 55984 | Tomb:1   | Entered Level 1 of the Tomb of the Ancients
 56497 | Tomb:1   | Lost mutation: You have acidic saliva. [Jiyva's grace]
 56497 | Tomb:1   | Lost mutation: Armour fits poorly on your massive
                  | pseudopods. [Jiyva's grace]
 56497 | Tomb:1   | Lost mutation: Armour fits poorly on your large pseudopods.
                  | [Jiyva's grace]
 56497 | Tomb:1   | Lost mutation: You have a small jelly attached to you that
                  | may absorb projectiles. [Jiyva's grace]
 56497 | Tomb:1   | Gained mutation: Your body has grown many eyes which may
                  | confuse attackers. (Acc +5) [Jiyva's grace]
 56497 | Tomb:1   | Gained mutation: Your body is covered in eyes which may
                  | confuse attackers. (Acc +7, SInv) [Jiyva's grace]
 56497 | Tomb:1   | Gained mutation: You possess an exceptional clarity of
                  | mind. [Jiyva's grace]
 56497 | Tomb:1   | Gained mutation: You have a pair of small horns on your
                  | head. [Jiyva's grace]
 56544 | Tomb:1   | Noticed a royal mummy
 56783 | Tomb:1   | Killed a royal mummy
 57125 | Tomb:2   | Noticed a royal mummy
 57128 | Tomb:2   | Noticed a royal mummy
 57327 | Tomb:2   | Killed a royal mummy
 57327 | Tomb:2   | Noticed a royal mummy
 57384 | Tomb:2   | Killed a royal mummy
 57406 | Tomb:2   | Noticed a royal mummy
 57413 | Tomb:2   | Gained mutation: You are occasionally teleported next to
                  | monsters. [mutagenic glow]
 57504 | Tomb:2   | Killed a royal mummy
 57694 | Tomb:2   | Killed a royal mummy
 58007 | Tomb:1   | Noticed a royal mummy
 58009 | Tomb:1   | Noticed a royal mummy
 58016 | Tomb:1   | Killed a royal mummy
 58028 | Tomb:1   | Killed a royal mummy
 58056 | Tomb:1   | Noticed a royal mummy
 58072 | Tomb:1   | Killed a royal mummy
 58192 | Tomb:1   | Noticed a royal mummy
 58198 | Tomb:1   | Killed a royal mummy
 58205 | Tomb:1   | Noticed a royal mummy
 58207 | Tomb:1   | Noticed a royal mummy
 58209 | Tomb:1   | Noticed a royal mummy
 58221 | Tomb:1   | Killed a royal mummy
 58229 | Tomb:1   | Killed a royal mummy
 58244 | Tomb:1   | Killed a royal mummy
 58401 | Tomb:1   | Noticed a royal mummy
 58415 | Tomb:1   | Killed a royal mummy
 58429 | Tomb:1   | Noticed a royal mummy
 58443 | Tomb:1   | Killed a royal mummy
 58542 | Tomb:1   | Noticed a royal mummy
 58552 | Tomb:1   | Noticed a royal mummy
 58555 | Tomb:1   | Killed a royal mummy
 58564 | Tomb:1   | Killed a royal mummy
 58643 | Tomb:1   | Got the Reference Book on the Warped Mountains
 59385 | Depths:2 | Voluntarily entered the Abyss.
 59575 | Abyss:1  | Noticed an ancient lich
 59587 | Abyss:1  | Killed an ancient lich
 59686 | Abyss:1  | Found a corrupted altar of Lugonu.
 59690 | Abyss:1  | Noticed a dread lich
 59702 | Abyss:1  | Killed a dread lich
 59708 | Abyss:1  | Lost mutation: You possess an exceptional clarity of mind.
                  | [a cacodemon]
 59709 | Abyss:1  | Gained mutation: You are frail. (-10% HP) [a cacodemon]
 59877 | Abyss:4  | Found a corrupted altar of Lugonu.
 60432 | Abyss:5  | Entered Level 5 of the Abyss
 60474 | Abyss:5  | Gained mutation: Your spells are a little easier to cast,
                  | but a little less powerful. [a neqoxec]
 60477 | Abyss:5  | Gained mutation: You sometimes lose the ability to read
                  | scrolls when taking damage. [a neqoxec]
 60478 | Abyss:5  | Found a basalt altar of Yredelemnul.
 60514 | Abyss:5  | Found a basalt altar of Yredelemnul.
 60542 | Abyss:5  | Paralysed by accursed screaming for 1 turns
 60681 | Abyss:5  | Paralysed by accursed screaming for 1 turns
 60684 | Abyss:5  | Paralysed by accursed screaming for 1 turns
 60693 | Abyss:5  | Gained mutation: Your magical capacity is low. (-10% MP) [a
                  | neqoxec]
 60722 | Abyss:5  | Gained mutation: Your magical capacity is very low. (-20%
                  | MP) [a neqoxec]
 60724 | Abyss:5  | Noticed an ancient lich
 60734 | Abyss:5  | Killed an ancient lich
 60966 | Abyss:5  | Paralysed by accursed screaming for 1 turns
 60983 | Abyss:5  | Noticed an ancient lich
 61015 | Abyss:5  | Killed an ancient lich
 61162 | Abyss:5  | Gained mutation: You occasionally shout uncontrollably at
                  | your foes. [a cacodemon]
 61483 | Depths:2 | Escaped the Abyss
 61486 | Depths:2 | Reached skill level 5 in Dodging
 61593 | Zot:1    | Entered Level 1 of the Realm of Zot
 61704 | Zot:1    | Reached XP level 26. HP: 219/237 MP: 2/2
 62278 | Depths:4 | Killed an ancient lich
 62335 | Depths:4 | Killed Tadecekk's ghost
 62608 | Depths:2 | Voluntarily entered the Abyss.
 62836 | Abyss:2  | Found a sparkling altar of Nemelex Xobeh.
 62862 | Abyss:2  | Found a bloodstained altar of Trog.
 63227 | Abyss:3  | Found a corrupted altar of Lugonu.
 63315 | Abyss:3  | Found a corrupted altar of Lugonu.
 63387 | Abyss:4  | Found a corrupted altar of Lugonu.
 63462 | Abyss:5  | Entered Level 5 of the Abyss
 63466 | Abyss:5  | Found a corrupted altar of Lugonu.
 63816 | Abyss:5  | Found a transporter.
 63928 | Abyss:5  | Reached skill level 15 in Long Blades
 63928 | Abyss:5  | Reached XP level 27. HP: 237/246 MP: 2/2
 63928 | Abyss:5  | Got an abyssal rune of Zot
 63942 | Depths:2 | Escaped the Abyss
 63965 | Hell     | Entered the Vestibule of Hell
 63965 | Hell     | Noticed Geryon
 64171 | Hell     | Killed Geryon
 64288 | Hell     | Found a gateway to the decaying netherworld of Tartarus.
 64301 | Hell     | Reached skill level 10 in Dodging
 64611 | Hell     | Found a gateway to the Iron City of Dis.
 64692 | Hell     | Found a gateway to the freezing wastes of Cocytus.
 64845 | Hell     | Found a gateway to the ashen valley of Gehenna.
 64961 | Dis:1    | Entered Level 1 of the Iron City of Dis
 64969 | Hell     | Reached skill level 1 in Evocations
 65115 | Dis:1    | Reached skill level 5 in Evocations
 65477 | Dis:2    | Lost mutation: You have a beak for a mouth. [Jiyva's grace]
 65477 | Dis:2    | Lost mutation: Your magical capacity is very low. (-20% MP)
                  | [Jiyva's grace]
 65477 | Dis:2    | Lost mutation: Your body is covered in eyes which may
                  | confuse attackers. (Acc +7, SInv) [Jiyva's grace]
 65477 | Dis:2    | Lost mutation: Your transparent skin significantly reduces
                  | your foes' accuracy. (Stealth+) [Jiyva's grace]
 65477 | Dis:2    | Gained mutation: You have hidden genetic potential.
                  | [Jiyva's grace]
 65477 | Dis:2    | Gained mutation: You have great hidden genetic potential.
                  | [Jiyva's grace]
 65477 | Dis:2    | Gained mutation: Your mind is acute. (Int +2) [Jiyva's
                  | grace]
 65477 | Dis:2    | Gained mutation: Your mind is very acute. (Int +4) [Jiyva's
                  | grace]
 65847 | Dis:3    | HP: 4/197 [caustic shrike (16)]
 65847 | Dis:3    | Mangled by a caustic shrike

Illustrated notes

Levels and vault maps discovered:
D:1:      mainiacjoe_arrival_reflecting_pool, layout_basic, serial_curves,
          eino_curves_01, eino_curves_01, eino_curves_02,
          hellmonk_ecumenical_altar_prayer_group, minmay_small_reverse_x
D:2:      layout_rooms, basic_altar, grunt_ministairs_1, kennysheep_nub
D:3:      layout_loops_ring, kiku_gazebo_pond_becter,
          amethyst_overflow_temple_binary
D:4:      layout_loops_corners, nicolae_qazlal_style_of_elements,
          minmay_a_box_with_orc_wizards_in_it
D:5:      layout_loops_ring, minmay_temple_entry_arrows,
          gammafunk_ghost_necromancy
D:6:      layout_loops_ring, nicolae_uskayaw_en_pointe,
          hellmonk_ghost_happy_afterlife, minmay_misc_feat_cross,
          kennysheep_generic_room_13
D:7:      layout_cave_pools, minitemple, mainiacjoe_overflow_tiny_flanked
D:8:      layout_basic, uniq_psyche, uniq_erica, uniq_pikel
D:9:      okawaru_arena_lexackson, layout_stronghold, enter_bailey_4, uniq_grum
D:10:     layout_basic, minmay_lair_entry_grove, serial_shops,
          nicolae_shop_advertising_works [nicolae_subvault_shop_adworks],
          eino_tiny_chamber, centaur_isle
D:11:     kennysheep_blocky_hall, layout_grid_maze, david_orc_3,
          portal_ice_cave_rime
D:12:     layout_loops_cross, gammafunk_ghost_stat_death, st_stairs_6,
          uniq_gastronok
D:13:     layout_irregular_city, vehumet_statue
D:14:     layout_gridville, ximxim_vaults_locker_room,
          nemelex_xobeh_ov_fountains_minmay, tgw_fedhas
D:15:     grunt_enter_depths_magical_seal, layout_basic, serial_glass,
          glass_columns_b, glass_columns_a, minmay_misc_feat_roman,
          skrybe_limestone_x
Temple:   nicolae_temple_god_jail
Lair:1:   layout_cave_pods, nicolae_volcano_entry_vermiform
Lair:2:   layout_small_grid, grunt_megastairs_5
Lair:3:   layout_loops_ring, shoals_dummy_entry,
          minmay_snake_entry_guardpost_small
Lair:4:   layout_regular_city, serial_bayou_ford_a, disabler_island
Lair:5:   gammafunk_cloud_chamber, layout_cave_pods,
          nicolae_slime_entry_slimehenge, basic_altar,
          nicolae_lair_grove_arrangements, lemuel_fruit_fields
Lair:6:   hangedman_lair_tendril_chambers, layout_hall_layers, special_room
          [special_room_bee], lemuel_fruit_tree, serial_bayou_shore_a
Shoals:1: layout_shoals
Shoals:2: layout_shoals, nicolae_shoals_lost_giant_temple
Shoals:3: layout_shoals
Shoals:4: shoals_end_hellmonk_lost_city, uniq_polyphemus
Snake:1:  layout_rooms, ebering_ghost_inner_flame, nicolae_shop_gadgets,
          minmay_shoptagon
Snake:2:  layout_misc_corridors, serial_bayou_shore_b, minmay_shop_grove,
          serial_bayou_shore_b, uniq_aizul
Snake:3:  layout_rooms
Snake:4:  johnstein_snake_rune_scales, layout_misc_corridors,
          nicolae_snake_gridmaze_waves, uniq_saint_roka
Slime:1:  layout_caves, nicolae_slime_barrier
Slime:2:  layout_caves, basic_altar
Slime:3:  layout_caves
Slime:4:  cheibrodos_slime_lost_civilization_10, layout_caves
Slime:5
Orc:1:    layout_diamond_mine, serial_shops, shop
Orc:2:    grunt_orc_gardens, layout_caves, grunt_orc_garden, grunt_orc_garden,
          grunt_orc_garden, grunt_orc_garden
Elf:1:    eino_elf_arrival_customs, layout_geoelf_octagon, serial_shops,
          nicolae_shop_crystal, nicolae_take_the_stairs, nicolae_diamond_shop,
          hangedman_corner_corridor, st_stairs_7
Elf:2:    elven_hall_of_blades_hangedman_alternative
          [nicolae_blade_entry_hurt_lockers], layout_gridlike, serial_shops,
          nicolae_shop_trees, shop_fountains
Elf:3:    grunt_elf_hall_diamonds, layout_loops_corners,
          serial_sigils_hangedman_snap
Vaults:1: v_pattern_3, nicolae_vaults_big_ls, ontoclasm_vaults_tryst,
          vaults_room_semicircle, ontoclasm_vaults_pinch, v_misc_33,
          vaults_mumra_minichess, ontoclasm_vaults_ring_square,
          nicolae_vaults_murderbox, ontoclasm_vaults_eye,
          vaults_mumra_chevron_long, grunt_vaults_hallway_long, v_misc_25,
          vaults_dpeg_hooks, vaults_room_pool, v_misc_8, layout_vaults_omnicross
Vaults:2: hangedman_vaults_corner, vaults_mumra_chevron,
          nicolae_vaults_little_squares_4, ontoclasm_vaults_hangar,
          minmay_crypt_entry_necro_gods, nicolae_vaults_little_ls,
          hangedman_vaults_trim, hangedman_vaults_stream,
          hangedman_vaults_capsules, not_door_vault_due,
          ontoclasm_vaults_loading_screen, hangedman_vaults_pinch,
          vaults_dpeg_cross, vaults_room_stairs_pillars, layout_vaults_omnibox,
          serial_shops, nicolae_shop_window_shopping, shop, shop
Vaults:3: v_pattern_4, nicolae_vaults_disjoint_gnomons,
          nicolae_vaults_network_square, v_alt_pattern_2,
          hangedman_vaults_slice, grunt_vaults_swirl,
          ontoclasm_vaults_ring_small, layout_vaults_quadrants, serial_shops,
          shop_fountains, uniq_jory, uniq_asterion, uniq_margery
Vaults:4: vaults_room_pool, vaults_room_grid, nicolae_vaults_ninety_degrees,
          grunt_vaults_funnel, nicolae_vaults_specimen_jars, grunt_vaults_focal,
          hangedman_vaults_maws, v_misc_11, layout_vaults_big_room,
          uniq_frederick, uniq_sojobo
Vaults:5
Crypt:1:  layout_misc_corridors, grunt_crypt_arrival_webbed
Crypt:2:  statuecave_lemuel, layout_basic, mu_enter_wizlab_4, minivault_4,
          palyth_stone_intersect, lemuel_elevator
Crypt:3:  church_of_pain_bobbens, layout_chaotic_city, tomb_entry_shell_bobbens
Tomb:1
Tomb:2
Depths:1: layout_big_octagon, enter_ziggurat_b, chequers_serial_rivers_micro_d,
          grunt_pan_entry_in_and_out, grunt_hell_horde, moated_statue,
          kennysheep_four_rooms
Depths:2: lightli_eight_chambers, layout_basic, abyss_entry,
          rand_demon_pan_entry_7, hell_entry, nrook_pool_corridor
Depths:3: minmay_cut_squares, layout_cave_pools, abyss_entry_crystal,
          nicolae_trove_entry_isolated, hangedman_decor_growths,
          rand_demon_pan_entry_1, grunt_hell_entry_dis_old, uniq_josephina
Depths:4: evilmike_zot_entry_castle, layout_gridlike, gammafunk_ghost_arena,
          nicolae_gozag_zags_fifth_avenue, serial_shops, shop_fountains,
          pf_vacation_house_of_asmodeus
Hell
Dis:1:    layout_subdivisions
Dis:2:    layout_overlapping_boxes, hangedman_dis_chains
Dis:3:    layout_gridville, nicolae_dis_scattering
Zot:1:    layout_onion, hangedman_zot_spectrum

Skill      XL: |  1  2  3  4  5  6  7  8  9 10 11 12 13 14 15 16 17 18 19 20 21 22 23 24 25 26 27 |
---------------+----------------------------------------------------------------------------------+-----
Armour         | 3 4 5 6 7 9 11 12 13 15 16 17 19 20 21 22 23 24 25 26 27 | 27.0
Axes           | 4 5 6 7 10 11 12 14 15 16 18 19 20 | 20.8
Shields        | 3 6 9 11 13 15 16 18 19 20 21 22 23 24 26 27 | 27.0
Invocations    | 1 |  1.0
Fighting       | 6 9 11 12 14 16 17 19 20 21 22 | 22.3
Short Blades   | 1 |  1.1
Crossbows      | 4 7 |  7.5
Long Blades    | 10 13 15 | 15.8
Dodging        | 5 9 10 | 10.8
Evocations     | 8 |  8.9

Action                   |  1- 3 |  4- 6 |  7- 9 | 10-12 | 13-15 | 16-18 | 19-21 | 22-24 | 25-27 || total
-------------------------+-------+-------+-------+-------+-------+-------+-------+-------+-------++-------
Melee: Hand axe          |   103 |   211 |   337 |   116 |       |       |       |       |       ||   767
       Punch             |     1 |       |       |       |       |       |       |       |       ||     1
       Unarmed           |       |       |    21 |       |       |       |       |       |       ||    21
       Broad axe         |       |       |       |   370 |       |       |       |       |       ||   370
       Halberd           |       |       |       |    24 |       |       |       |       |       ||    24
       Bite              |       |       |       |    42 |   211 |    64 |   123 |   501 |    44 ||   985
       War axe           |       |       |       |   143 |  1317 |  1771 |  1554 |  2010 |  1501 ||  8296
       Scimitar          |       |       |       |     5 |    11 |       |       |       |       ||    16
       Great mace        |       |       |       |       |    55 |       |       |       |       ||    55
       Mace              |       |       |       |       |    31 |       |       |       |       ||    31
       Kick              |       |       |       |       |       |   278 |       |       |       ||   278
       Short sword       |       |       |       |       |       |   199 |       |       |       ||   199
       Peck              |       |       |       |       |       |       |   414 |   820 |  1008 ||  2242
       Eudemon blade     |       |       |       |       |       |       |       |   241 |  1386 ||  1627
       Pseudopods        |       |       |       |       |       |       |       |    83 |  1027 ||  1110
       Headbutt          |       |       |       |       |       |       |       |       |  1002 ||  1002
 Fire: Hand crossbow     |       |       |       |       |       |       |    77 |       |       ||    77
Throw: Dart              |     1 |       |       |    22 |     2 |     1 |       |       |       ||    26
Invok: Berserk           |       |     3 |     7 |    12 |    19 |     2 |       |       |       ||    43
       Trog's Hand       |       |       |     1 |     4 |     7 |     6 |       |       |       ||    18
       Oozemancy         |       |       |       |       |       |       |     1 |       |     5 ||     6
 Abil: Heal Wounds       |     1 |     2 |     5 |    33 |    32 |     2 |       |     1 |    18 ||    94
Evoke: Wand              |       |       |       |     2 |     1 |       |       |       |       ||     3
  Use: Scroll            |       |       |    15 |    15 |    10 |     7 |     5 |     6 |    11 ||    69
       Potion            |       |       |       |     6 |     5 |     9 |     2 |     4 |    22 ||    48
 Stab: Sleeping          |     1 |       |       |       |       |       |       |       |       ||     1
       Petrified         |       |       |       |       |    10 |       |       |       |       ||    10
       Confused          |       |       |       |       |       |    84 |    31 |    75 |    78 ||   268
       Distracted        |       |       |       |       |       |     1 |       |       |     4 ||     5
       Invisible         |       |       |       |       |       |       |       |       |     3 ||     3
Armor: Plate armour      |    85 |   137 |   194 |   371 |       |       |       |       |       ||   787
       Animal skin       |     1 |       |       |       |       |       |       |       |       ||     1
       Skin              |       |       |     5 |       |       |       |       |       |       ||     5
       Crystal plate arm |       |       |       |   213 |  1013 |   841 |   930 |   948 |  1025 ||  4970
       Gold dragon scale |       |       |       |       |       |       |       |    29 |   140 ||   169
Dodge: Dodged            |    37 |    65 |   173 |   264 |   277 |   302 |   321 |   430 |  1028 ||  2897
Block: Buckler           |       |    14 |    51 |   166 |   105 |       |       |       |       ||   336
       Kite shield       |       |       |       |       |   619 |   798 |       |       |       ||  1417
       Tower shield      |       |       |       |       |       |   845 |  1603 |  2097 |  2897 ||  7442
       Reflection        |       |       |       |       |       |       |    61 |    87 |    50 ||   198

Table legend: (Time is in decaauts)
 A = Elapsed time spent in this place.
 B = Non-inter-level travel time spent in this place.
 C = Inter-level travel time spent in this place.
 D = Time resting spent in this place.
 E = Time spent auto-exploring this place.
 F = Levels seen in this place.
 G = Mean time per level.
                   A        B        C        D        E       F      G
               +--------+--------+--------+--------+--------+-----+--------+
         Total |  64413 |  55945 |   8468 |   6920 |  29790 |  72 |  894.6 |
       Dungeon |  16014 |  13639 |   2375 |   2131 |   8030 |  15 | 1067.6 |
        Temple |     66 |     53 |     13 |      0 |     28 |   1 |   66.0 |
          Lair |   7661 |   5834 |   1827 |    329 |   3886 |   6 | 1276.8 |
        Shoals |   3757 |   3579 |    178 |    396 |   1978 |   4 |  939.2 |
     Snake Pit |   4062 |   3467 |    595 |    336 |   1787 |   4 | 1015.5 |
    Slime Pits |   2461 |   2077 |    384 |    225 |   1320 |   5 |  492.2 |
  Orcish Mines |   2369 |   1995 |    374 |    657 |    871 |   2 | 1184.5 |
   Elven Halls |   3290 |   2919 |    371 |     73 |   1752 |   3 | 1096.7 |
        Vaults |   6784 |   6031 |    753 |    379 |   3663 |   5 | 1356.8 |
         Crypt |   3466 |   3174 |    292 |    200 |   1940 |   3 | 1155.3 |
          Tomb |   2961 |   2759 |    202 |   1128 |    755 |   2 | 1480.5 |
        Depths |   5632 |   4609 |   1023 |    618 |   2019 |   4 | 1408.0 |
          Hell |    870 |    832 |     38 |    170 |    305 |   1 |  870.0 |
           Dis |    770 |    732 |     38 |    270 |    208 |   3 |  256.7 |
           Zot |    271 |    271 |      0 |      0 |     64 |   1 |  271.0 |
         Abyss |   3145 |   3145 |      0 |      2 |    868 |  10 |  314.5 |
         Trove |     24 |     24 |      0 |      0 |      4 |   1 |   24.0 |
        Bailey |    391 |    391 |      0 |      0 |     89 |   1 |  391.0 |
        Wizlab |    410 |    410 |      0 |      0 |    219 |   1 |  410.0 |
               +--------+--------+--------+--------+--------+-----+--------+

Top non-repeatable levels by time:
  Tomb:1: 2058 daAuts
    D:11: 2047 daAuts
    D:14: 2035 daAuts
 Crypt:3: 1790 daAuts
  Lair:3: 1744 daAuts
Depths:4: 1731 daAuts
Depths:2: 1689 daAuts
Vaults:1: 1625 daAuts
 Snake:4: 1529 daAuts
Vaults:3: 1428 daAuts
Vaults:4: 1398 daAuts
   Orc:1: 1396 daAuts
    D:10: 1392 daAuts
Vaults:2: 1387 daAuts
  Lair:1: 1378 daAuts
